 Dungeon Crawl Stone Soup version 0.29-a0-337-g68df138881 (webtiles) character file.

Game seed: 14283922289349546359

46 Agony the Bolt Thrower (level 3, -3/31 HPs)
             Began as a Minotaur Hunter on Apr 17, 2022.
             Slain by a gnoll
             ... wielding a +0 club
              (4 damage)
             ... on level 2 of the Dungeon.
             The game lasted 00:04:19 (1280 turns).

Agony the Bolt Thrower (Minotaur Hunter)            Turns: 1280, Time: 00:04:19

Health: -3/31      AC:  3    Str: 15    XL:     3   Next: 46%
Magic:  2/2        EV: 16    Int:  6    God:
Gold:   119        SH:  0    Dex: 15    Spells: 2/2 levels left

rFire   . . .      SeeInvis .   a - +1 hand crossbow
rCold   . . .      Faith    .   (no shield)
rNeg    . . .      Spirit   .   b - +0 leather armour
rPois   .          Reflect  .   (helmet restricted)
rElec   .          Harm     .   (no cloak)
rCorr   .          Rampage  .   (no gloves)
Will    .....                   (no boots)
Stlth   ++........              (no amulet)
HPRegen 0.10/turn               l - +4 ring of evasion
MPRegen 0.08/turn               (no ring)

@: no status effects
A: horns 2, retaliatory headbutt
a: no special abilities


You were on level 2 of the Dungeon.
You visited 1 branch of the dungeon, and saw 2 of its levels.

You collected 119 gold pieces.

Inventory:

Hand Weapons
 a - a +1 hand crossbow (weapon)
Armour
 b - a +0 leather armour (worn)
Jewellery
 l - a +4 ring of evasion (left hand)
Scrolls
 c - 2 scrolls of immolation
 f - a scroll of identify
 k - a scroll of magic mapping
Potions
 d - a potion of curing {unknown}
 e - 3 potions of mutation {unknown}
 g - a potion of haste {unknown}
 h - a potion of heal wounds {unknown}


   Skills:
 + Level 3.1 Fighting
 + Level 4.7 Crossbows
 + Level 2.8 Dodging
 + Level 1.5 Stealth


You had 2 spell levels left.
You didn't know any spells.
Your spell library contained the following spells:

 Spells                   Type           Power      Damage    Failure   Level
 Conjure Flame            Conj/Fire      0%         6-21      88%         3
 Ignite Poison            Fire/Tmut/Pois 0%         N/A       88%         3
 Sticky Flame             Conj/Fire      0%         2d3       99%         4


Dungeon Overview and Level Annotations

Branches:
Dungeon (2/15)

Altars:


Innate Abilities, Weirdness & Mutations

You have a pair of horns on your head.
You reflexively headbutt those who attack you in melee.


Message History

The endoplasm attacks as you move away! The endoplasm closely misses you.
Shoot: a) +1 hand crossbow
Press: ? - help, Q - select action Shift-Dir - straight line, f/p - gnoll
Aim: a gnoll, wielding a +0 spear (heavily wounded, 68% to hit)
You shoot a bolt. The bolt hits the endoplasm.
You kill the endoplasm!
Shoot: a) +1 hand crossbow
Press: ? - help, Q - select action Shift-Dir - straight line, f/p - gnoll
Aim: a gnoll, wielding a +0 spear (heavily wounded, 68% to hit)
You shoot a bolt. The bolt hits the gnoll.
The gnoll is moderately wounded.
The gnoll hits you with a +0 club.
The gnoll hits you from afar with a +0 spear. x2
* * * LOW HITPOINT WARNING * * *
The gnoll barely misses you.
Shoot: a) +1 hand crossbow
Press: ? - help, Q - select action Shift-Dir - straight line, f/p - gnoll
Aim: a gnoll, wielding a +0 spear (heavily wounded, 68% to hit)
You shoot a bolt. The bolt closely misses the gnoll.
The bolt barely misses the gnoll.
The gnoll closely misses you. You furiously retaliate!
You headbutt the gnoll. The gnoll misses you.
The gnoll attacks as you move away! The gnoll barely misses you.
The gnoll attacks as you move away! The gnoll hits you with a +0 club.
* * * LOW HITPOINT WARNING * * *
There is a stone staircase leading down here.
The gnoll attacks as you move away! The gnoll barely misses you.
You furiously retaliate!
You headbutt the gnoll. The gnoll attacks as you move away!
The gnoll hits you but does no damage. The gnoll attacks as you move away!
The gnoll hits you with a +0 club.
* * * LOW HITPOINT WARNING * * *
The gnoll attacks as you move away! The gnoll closely misses you.
The gnoll attacks as you move away! The gnoll misses you.
The gnoll attacks as you move away! The gnoll hits you with a +0 club.
* * * LOW HITPOINT WARNING * * *
The gnoll attacks as you move away! The gnoll closely misses you.
The gnoll attacks as you move away! The gnoll hits you with a +0 club.
* * * LOW HITPOINT WARNING * * *
The gnoll attacks as you move away! The gnoll hits you with a +0 club.
You die...

.......#######..########...##.##.
#.g.##.............##.####..# #..
##.###############.##[# ##.###.#
#.########## #.##.# #..#..#
#..>.......# #.##[# ###.#.##
#.########.## ##.##.####.#.#.#
#.# ##...## #........>.#...# #.#
###.###g###..##########.## #.#
#...# #..g@..# #...#.### #.#
#.#.###.###.## #...#.#.. #.#
#.##...## #.# #...#.### #.#
#.###.## #.# #.#.#.# #
#.####.###.# #.# #.#.#.###
#..........# #.# #.#......
#.####.##### #.# #..(..... #.#
#.### #..#####. #.#
####...#####..## #.


You could see 2 gnolls.

Vanquished Creatures
  A gnoll (D:2)
  An adder (D:2)
  A dart slug (D:2)
  2 bats
  4 endoplasms
  2 goblins
  5 hobgoblins
  A kobold (D:1)
  A quokka (D:1)
  3 ball pythons
  A frilled lizard (D:1)
  2 rats
24 creatures vanquished.

Notes
Turn   | Place    | Note
-------+----------+-------------------------------------------
     0 | D:1      | Agony the Minotaur Hunter began the quest for the Orb.
     0 | D:1      | Reached XP level 1. HP: 18/18 MP: 0/0
    75 | D:1      | Reached skill level 1 in Stealth
   368 | D:1      | Reached XP level 2. HP: 25/25 MP: 1/1
   931 | D:2      | Reached XP level 3. HP: 31/31 MP: 2/2
  1279 | D:2      | HP: 1/31 [gnoll/+0 club (1)]
  1280 | D:2      | Slain by a gnoll

Illustrated notes

Levels and vault maps discovered:
D:1:      dpeg_arrival_solitude, layout_loops_ring
D:2:      minmay_general_purpose_star, layout_loops_ring,
          ebering_ecumenical_altar_hall, amcnicky_mini_corridor_feature

Skill      XL: |  1  2 |
---------------+-------+-----
Stealth        | 1 |  1.5
Fighting       | 3 |  3.1
Crossbows      | |  4.7
Dodging        | |  2.8

Action                   || total
-------------------------++-------
 Fire: Hand crossbow     ||    65
  Use: Scroll            ||     4
Armor: Leather armour    ||     3
Dodge: Dodged            ||    21

Table legend: (Time is in decaauts)
 A = Elapsed time spent in this place.
 B = Non-inter-level travel time spent in this place.
 C = Inter-level travel time spent in this place.
 D = Time resting spent in this place.
 E = Time spent auto-exploring this place.
 F = Levels seen in this place.
 G = Mean time per level.
                   A        B        C        D        E       F      G
               +--------+--------+--------+--------+--------+-----+--------+
         Total |   1300 |   1278 |     22 |      4 |   1098 |   2 |  650.0 |
       Dungeon |   1300 |   1278 |     22 |      4 |   1098 |   2 |  650.0 |
               +--------+--------+--------+--------+--------+-----+--------+

Top non-repeatable levels by time:
     D:1: 784 daAuts
     D:2: 516 daAuts
